 Dungeon Crawl Stone Soup version 0.29-a0-1006-g0dd7720b37 (webtiles) character file.

Game seed: 14030659948052315283

473 Sobieck the Stinger (level 7, -4/55 HPs)
             Began as a Naga Venom Mage on Aug 6, 2022.
             Was an Initiate of Cheibriados.
             Slain by a water moccasin (6 damage)
             ... on level 5 of the Dungeon.
             The game lasted 00:14:49 (5201 turns).

Sobieck the Stinger (Naga Venom Mage)               Turns: 5201, Time: 00:14:49

Health: -4/55      AC:  6    Str: 12    XL:     7   Next: 10%
Magic:  6/12       EV: 10    Int: 18    God:    Cheibriados [......]
Gold:   281        SH:  0    Dex: 12    Spells: 2/12 levels left

rFire   . . .      SeeInvis +   a - +4 sling
rCold   . . .      Faith    .   (no shield)
rNeg    + . .      Spirit   .   w - +0 robe
rPois   +          Reflect  .   (no helmet)
rElec   .          Harm     .   B - +2 cloak
rCorr   .          Rampage  .   (no gloves)
Will    .....                   (no barding)
Stlth   ++........              (no amulet)
HPRegen 0.18/turn               l - ring of wizardry
MPRegen 0.13/turn               J - ring of positive energy

@: lethally poisoned (-4 -> -7), very slow
A: AC +2, large, see invisible, deformed body, poison resistance, slowness 2,
spit poison 1, naga tail 1
a: Spit Poison, Renounce Religion


You were on level 5 of the Dungeon.
You worshipped Cheibriados.
Cheibriados was noncommittal.
You visited 2 branches of the dungeon, and saw 6 of its levels.

You collected 281 gold pieces.


Innate Abilities, Weirdness & Mutations

Your serpentine skin is tough. (AC +2)
You have supernaturally acute eyesight. (SInv)
Armour fits poorly on your strangely shaped body.
Your system is resistant to poisons. (rPois)
You cover ground very slowly.
You can spit poison.
You have a snake-like lower body.


   Skills:
 + Level 3.0 Dodging
 - Level 3.0 Stealth
 + Level 3.4 Spellcasting
 + Level 3.1 Transmutations
 * Level 7.2 Poison Magic


You had 2 spell levels left.
You knew the following spells:

 Your Spells              Type           Power      Damage    Failure   Level
a - Sting                 Tmut/Pois      84%        1d7       1%          1
b - Poisonous Vapours     Pois/Air       32%        N/A       2%          2
c - Olgreb's Toxic Radia  Pois           29%        N/A       3%          4
d - Mephitic Cloud        Conj/Pois/Air  11%        N/A       7%          3

Your spell library contained the following spells:

 Spells                   Type           Power      Damage    Failure   Level
 Cause Fear               Hex            1%         N/A       50%         4
 Dragon Form              Tmut           7%         N/A       100%        7
 Dragon's Call            Summ           1%         N/A       100%        9

Inventory:

Hand Weapons
 a - a +4 sling (weapon)
   (You found it on level 1 of the Dungeon)
 b - a +2 quarterstaff of chaos {staff}
   (You took it off Crazy Yiuf on level 3 of the Dungeon)
 g - a +0 whip {mace}
   (You took it off a kobold on level 1 of the Dungeon)
 i - a +0 whip {mace}
   (You took it off a kobold on level 1 of the Dungeon)
 j - a +0 club {mace}
   (You took it off a goblin on level 1 of the Dungeon)
 n - a +0 mace {mace}
   (You found it on level 2 of the Dungeon)
 o - a +0 dagger {short}
   (You took it off a kobold on level 2 of the Dungeon)
 r - a +0 club {mace}
   (You took it off a goblin on level 2 of the Dungeon)
 s - a +0 club {mace}
   (You took it off a goblin on level 2 of the Dungeon)
 v - a +0 scythe {polearm}
   (You took it off Sigmund on level 2 of the Dungeon)
 x - a +0 short sword {short}
   (You took it off Terence on level 2 of the Dungeon)
 z - a +0 whip {mace}
   (You took it off a kobold on level 2 of the Dungeon)
 D - a +0 club {mace}
   (You took it off a goblin on level 1 of the Dungeon)
 F - a +0 short sword {short}
   (You took it off a kobold on level 1 of the Dungeon)
 G - a +0 dagger {short}
   (You took it off a kobold on level 1 of the Dungeon)
 H - a +0 club {mace}
   (You took it off a goblin on level 1 of the Dungeon)
 I - a +0 club {mace}
   (You took it off a kobold on level 1 of the Dungeon)
Missiles
 f - 45 stones {throwing}
 U - 3 boomerangs {throwing}
Armour
 d - a +0 robe
   (You took it off an orc wizard on level 4 of the Dungeon)
 e - a +0 leather armour
   (You took it off an orc on level 5 of the Dungeon)
 m - a +0 ring mail
   (You took it off an orc on level 5 of the Dungeon)
 p - a +0 scale mail
   (You took it off an orc on level 5 of the Dungeon)
 t - a +0 scale mail
   (You found it on level 2 of the Dungeon)
 u - a +0 ring mail
   (You found it on level 2 of the Dungeon)
 w - a +0 robe (worn)
   (You took it off Sigmund on level 2 of the Dungeon)
 y - a +0 chain mail
   (You took it off Terence on level 2 of the Dungeon)
 B - a +2 cloak (worn)
   (You found it on level 1 of the Dungeon)
 L - a +0 robe
 M - a +0 ring mail
   (You found it on level 1 of the Dungeon)
 P - a +0 robe
   (You found it on level 3 of the Dungeon)
 R - the +6 scale mail of the Flute {rC++ Str-4}
   (You found it on level 4 of the Dungeon)

   Str:       It affects your strength (-4).
   rC:        It greatly protects you from cold.
 S - a +0 chain mail
   (You found it on level 4 of the Dungeon)
 V - a +0 leather armour
   (You found it on level 4 of the Dungeon)
 X - a +0 leather armour
   (You found it on level 4 of the Dungeon)
 Z - a +0 leather armour
   (You found it on level 4 of the Dungeon)
Magical Staves
 C - a staff of air {!astaff}
   (You found it on level 1 of the Dungeon)
Jewellery
 l - a ring of wizardry (left hand)
   (You found it on level 2 of the Dungeon)
 J - a ring of positive energy (right hand)
   (You found it on level 1 of the Dungeon)
 K - a ring of fire
   (You found it on level 1 of the Dungeon)
Scrolls
 c - 2 scrolls of teleportation {@r4}
 h - a scroll of poison
 E - 2 scrolls of noise {!r}
 Q - a scroll of identify {@r1}
Potions
 k - a potion of heal wounds {@q2}
 q - a potion of degeneration {unknown}
 A - a potion of haste {unknown}
 N - 2 potions of mutation {!q}
 O - a potion of attraction {unknown}
 T - 2 potions of ambrosia {unknown}

Dungeon Overview and Level Annotations

Branches:
Dungeon (5/15) Zot: 35251  Temple (1/1) D:5 Zot: 8925

Altars:
Ashenzari
Cheibriados
Elyvilon
Kikubaaqudgha
Makhleb
Nemelex Xobeh
Okawaru
Qazlal
Trog
Uskayaw
Vehumet
Yredelemnul
Zin
The Shining One

Annotations:
D:1 Need Wipe Screen

##### ######)..) #.####)###
########.####)###
.........####)### # #
########.####.###
....#.############.........
....'....S@........####.###
....#+##########...####.###
# #...####.### #...####.###
#....##...#. ###.###.#.#.
##.# #.#.#. ##..###.#.#.
#.......#...


You could see a water moccasin.


Message History

The sling bullet completely misses the hound.
The sling bullet hits the water moccasin.
The hound bites you. The hound barely misses you.
You shoot a sling bullet.
The sling bullet barely misses the hound.
The sling bullet misses the water moccasin.
The hound bites you. x2
Unknown command.
You are too injured to fight recklessly!
Unknown command.
Casting: Olgreb's Toxic Radiance (dangerous; 3% risk of failure)
Confirm with . or Enter, or press ? or * to list all spells.
You begin to radiate toxic energy.
The hound looks even sicker.
You kill the hound!
Cheibriados thoroughly appreciates the change of pace.
Unknown command.
Aiming: Spit Poison (1% risk of failure)
Press: ? - help, Shift-Dir - straight line, f - water moccasin
Aim: a water moccasin (lightly wounded, 37% to hit)
The splash of poison hits the water moccasin.
Your toxic aura wanes.
The water moccasin bites you but does no damage.
The water moccasin barely misses you.
Unknown command.
Casting: Olgreb's Toxic Radiance (dangerous; 3% risk of failure)
Press: ? - help, Q - select action, (/) - cycle Dir - look around, f - activate
Okay, then.
Unknown command.
You are too injured to fight recklessly!
You are too injured to fight recklessly!
You are too injured to fight recklessly!
Casting: Olgreb's Toxic Radiance (dangerous; 3% risk of failure)
Press: ? - help, Q - select action, (/) - cycle Dir - look around, f - activate
Okay, then.
Unknown command.
Fire: a) +4 sling
Press: ? - help, Q - select action, (/) - cycle Shift-Dir - straight line, f/p - water moccasin
Aim: a water moccasin (lightly wounded, 40% to hit)
You shoot a sling bullet.
The sling bullet hits the water moccasin.
The water moccasin barely misses you. x2
Fire: a) +4 sling
Press: ? - help, Q - select action, (/) - cycle Shift-Dir - straight line, f/p - water moccasin
Aim: a water moccasin (moderately wounded, 40% to hit)
You shoot a sling bullet.
The sling bullet hits the water moccasin!
The water moccasin bites you. x2
Fire: a) +4 sling
Press: ? - help, Q - select action, (/) - cycle Shift-Dir - straight line, f/p - water moccasin
Aim: a water moccasin (heavily wounded, 40% to hit)
You shoot a sling bullet.
The sling bullet barely misses the water moccasin.
You have got your breath back.
The water moccasin bites you.
You are poisoned.
The water moccasin poisons you! The water moccasin bites you.
* * * LOW HITPOINT WARNING * * *
Fire: a) +4 sling
Press: ? - help, Q - select action, (/) - cycle Shift-Dir - straight line, f/p - water moccasin
Aim: a water moccasin (heavily wounded, 40% to hit)
You shoot a sling bullet.
The sling bullet barely misses the water moccasin.
You feel very sick. The water moccasin barely misses you.
The water moccasin bites you but does no damage.
Fire: a) +4 sling
Press: ? - help, Q - select action, (/) - cycle Shift-Dir - straight line, f/p - water moccasin
Aim: a water moccasin (heavily wounded, 40% to hit)
You shoot a sling bullet.
The sling bullet hits the water moccasin.
You feel sick. The water moccasin bites you.
* * * LOW HITPOINT WARNING * * *
The water moccasin bites you but does no damage.
Fire: a) +4 sling
Press: ? - help, Q - select action, (/) - cycle Shift-Dir - straight line, f/p - water moccasin
Aim: a water moccasin (heavily wounded, 40% to hit)
You shoot a sling bullet.
The sling bullet closely misses the water moccasin.
You feel sick.
The water moccasin bites you but does no damage.
The water moccasin bites you.
* * * LOW HITPOINT WARNING * * *
Fire: a) +4 sling
Press: ? - help, Q - select action, (/) - cycle Shift-Dir - straight line, f/p - water moccasin
Aim: a water moccasin (heavily wounded, 40% to hit)
You shoot a sling bullet.
The sling bullet closely misses the water moccasin.
You feel sick. The water moccasin barely misses you.
The water moccasin bites you!
* * * LOW HITPOINT WARNING * * *
Fire: a) +4 sling
Press: ? - help, Q - select action, (/) - cycle Shift-Dir - straight line, f/p - water moccasin
Aim: a water moccasin (heavily wounded, 40% to hit)
You shoot a sling bullet.
The sling bullet completely misses the water moccasin.
* * * LOW HITPOINT WARNING * * *
You feel sick. The water moccasin bites you.
* * * LOW HITPOINT WARNING * * *
The water moccasin bites you.
You die...

Skill      XL: |  1  2  3  4  5  6 |
---------------+-------------------+-----
Dodging        | 2 3 |  3.0
Transmutations | 2 3 |  3.1
Poison Magic   | 6 7 |  7.2
Spellcasting   | 3 |  3.4
Stealth        | |  3.0

Action                   |  1- 3 |  4- 6 |  7- 9 || total
-------------------------+-------+-------+-------++-------
 Fire: Sling             |       |    72 |    15 ||    87
 Cast: Sting             |    26 |    23 |       ||    49
       Poisonous Vapours |     3 |    10 |     1 ||    14
       Olgreb's Toxic Ra |       |    10 |     2 ||    12
       Mephitic Cloud    |       |     1 |       ||     1
 Abil: Spit Poison       |    26 |    18 |     1 ||    45
  Use: Scroll            |       |    15 |       ||    15
       Potion            |       |     1 |       ||     1
Armor: Robe              |       |    15 |     8 ||    23
Dodge: Dodged            |     4 |    27 |    10 ||    41

Levels and vault maps discovered:
D:1:      dpeg_arrival_simpleton_c, layout_basic, minmay_vboxes
D:2:      layout_basic, hellmonk_ecumenical_altar_run_dry, uniq_terence,
          uniq_sigmund
D:3:      layout_loops_ring, mainiacjoe_overflow_tiny_flanked,
          uniq_crazy_yiuf_cottage
D:4:      layout_gridville, nicolae_overflow_hidden_temple,
          nicolae_uskayaw_dance_hall
D:5:      layout_basic, mainiacjoe_overflow_chevrons,
          minmay_temple_entry_large_hall, reono_crystal_passage,
          uniq_prince_ribbit1
Temple:   nicolae_temple_ecumenical_triangle

Notes
Turn   | Place    | Note
-------+----------+-------------------------------------------
     0 | D:1      | Sobieck the Naga Venom Mage began the quest for the Orb.
     0 | D:1      | Reached XP level 1. HP: 15/15 MP: 3/3
   311 | D:1      | Reached XP level 2. HP: 22/22 MP: 5/5
   350 | D:1      | Learned a level 2 spell: Poisonous Vapours
   820 | D:2      | Reached XP level 3. HP: 28/28 MP: 6/6
  1158 | D:2      | Noticed Sigmund
  1227 | D:2      | HP: 7/28 [Sigmund/magic dart (7)]
  1229 | D:2      | Killed Sigmund
  1230 | D:2      | Reached skill level 2 in Dodging
  1230 | D:2      | Reached skill level 2 in Transmutations
  1230 | D:2      | Reached skill level 6 in Poison Magic
  1230 | D:2      | Reached XP level 4. HP: 9/36 MP: 0/8
  1230 | D:2      | Reached XP level 5. HP: 11/42 MP: 0/9
  1238 | D:2      | Learned a level 4 spell: Olgreb's Toxic Radiance
  1524 | D:2      | Noticed Terence
  1536 | D:2      | Killed Terence
  1537 | D:2      | Reached skill level 3 in Spellcasting
  1682 | D:2      | Reached XP level 6. HP: 49/49 MP: 5/10
  2366 | D:2      | Found a faded altar of an unknown god.
  2565 | D:2      | You pick up a book of the Dragon and begin reading...
  2565 | D:2      | You add the spells Cause Fear, Dragon Form and Dragon's
                  | Call to your library.
  2993 | D:3      | Found an iron altar of Okawaru.
  3350 | D:3      | Found a runed translucent door.
  3351 | D:3      | Noticed Crazy Yiuf
  3565 | D:3      | Learned a level 3 spell: Mephitic Cloud
  3578 | D:3      | HP: 12/49 [Crazy Yiuf/+2 quarterstaff of chaos (1)]
  3579 | D:3      | Killed Crazy Yiuf
  3885 | D:4      | Found a hide-covered altar of Uskayaw.
  3979 | D:4      | Identified the +6 scale mail of the Flute {rC++ Str-4}
  4188 | D:4      | Found a glowing silver altar of Zin.
  4316 | D:4      | Found a bloodstained altar of Trog.
  4320 | D:4      | Found a stormy altar of Qazlal.
  4634 | D:5      | Entered Level 5 of the Dungeon
  4634 | D:5      | Found a basalt altar of Yredelemnul.
  4743 | D:4      | Reached skill level 3 in Transmutations
  4936 | D:5      | Reached skill level 7 in Poison Magic
  4938 | D:5      | Reached skill level 3 in Dodging
  5002 | D:5      | Reached XP level 7. HP: 44/55 MP: 7/12
  5074 | D:5      | Found a staircase to the Ecumenical Temple.
  5084 | Temple   | Entered the Ecumenical Temple
  5107 | Temple   | Became a worshipper of Cheibriados the Contemplative
  5199 | D:5      | HP: 13/55 [water moccasin (4)]
  5200 | D:5      | HP: 4/55 [water moccasin (8)]
  5201 | D:5      | Slain by a water moccasin

Vanquished Creatures
  Sigmund (D:2)
  A hound (D:5)
  Crazy Yiuf (D:3)
  An iguana (D:5)
  An orc wizard (D:4)
  Terence (D:2)
  3 gnolls (D:5)
  3 adders
  6 dart slugs
  4 worms
  9 orcs (D:5)
  7 endoplasms
  2 giant cockroaches
  9 goblins
  8 hobgoblins
  8 kobolds
  3 quokkas
  6 ball pythons
  6 bats
  6 frilled lizards
  8 rats
94 creatures vanquished.

Table legend:
 A = Non-vault XP
 B = Vault XP
 C = Vault XP percentage of total XP
 D = Non-vault monster count
 E = Vault monster count
 F = Vault count percentage of total count
                 A         B        C        D         E       F
            +---------+---------+-------+---------+---------+-------
      Total |     358 |     318 |  47.0 |      83 |      11 |  11.7
            +---------+---------+-------+---------+---------+-------
        D:1 |      40 |      16 |  28.6 |      24 |       8 |  25.0
        D:2 |      47 |     258 |  84.6 |      24 |       2 |   7.7
        D:3 |      41 |      44 |  51.8 |      12 |       1 |   7.7
        D:4 |      74 |       0 |   0.0 |       8 |       0 |   0.0
        D:5 |     156 |       0 |   0.0 |      15 |       0 |   0.0
            +---------+---------+-------+---------+---------+-------

Illustrated notes

Table legend:
 A = Kills in this place as a percentage of kills in entire the game.
 B = Kills by you in this place as a percentage of kills by you in the entire game.
 C = Kills by friends in this place as a percentage of kills by friends in the entire game.
 D = Other kills in this place as a percentage of other kills in the entire game.
 E = Experience gained in this place as a percentage of experience gained in the entire game.
 F = Experience gained in this place divided by the number of levels of this place that you have seen.
                   A       B       C       D       E      F
               +-------+-------+-------+-------+-------+----------------------
         Total | 100.0 | 100.0 |   N/A |   N/A | 100.0 | 112.7
       Dungeon | 100.0 | 100.0 |   N/A |   N/A | 100.0 | 135.2
               +-------+-------+-------+-------+-------+----------------------

Table legend: (Time is in decaauts)
 A = Elapsed time spent in this place.
 B = Non-inter-level travel time spent in this place.
 C = Inter-level travel time spent in this place.
 D = Time resting spent in this place.
 E = Time spent auto-exploring this place.
 F = Levels seen in this place.
 G = Mean time per level.
                   A        B        C        D        E       F      G
               +--------+--------+--------+--------+--------+-----+--------+
         Total |   6598 |   6046 |    552 |    676 |   4509 |   6 | 1099.7 |
       Dungeon |   6540 |   6013 |    527 |    676 |   4495 |   5 | 1308.0 |
        Temple |     58 |     34 |     24 |      0 |     14 |   1 |   58.0 |
               +--------+--------+--------+--------+--------+-----+--------+

Top non-repeatable levels by time:
     D:2: 1994 daAuts
     D:1: 1583 daAuts
     D:3: 1369 daAuts
     D:4: 1114 daAuts
     D:5: 478 daAuts
  Temple: 58 daAuts
